 Dungeon Crawl Stone Soup version 0.24-a0-422-g9eff3895ba (webtiles) character file.

Game seed: 13588905903827860535

96 Elric the Gusty (level 4, -3/24 HPs)
             Began as a Tengu Air Elementalist on June 12, 2019.
             Killed from afar by an orc wizard (10 damage)
             ... with a magic dart
             ... on level 3 of the Dungeon.
             The game lasted 00:07:08 (2449 turns).

Elric the Gusty (Tengu Air Elementalist)            Turns: 2449, Time: 00:07:09

Health: -3/24      AC:  5    Str:  9    XL:     4   Next: 67%
Magic:  8/9        EV: 12    Int: 16    God:
Gold:   138        SH:  0    Dex: 14    Spells: 8/9 levels left

rFire    + . .     SeeInvis .   f - +2 hunting sling (flame)
rCold    + . .     Gourm    .   (no shield)
rNeg     . . .     Faith    .   a - +0 robe
rPois    .         Spirit   .   (helmet restricted)
rElec    .         Reflect  .   p - scarf {rC+ rF+}
rCorr    .         Harm     .   l - +0 pair of gloves
MR       .....                  (boots unavailable)
Stlth    ++........             (no amulet)
HPRegen  0.08/turn              k - +2 ring of protection
MPRegen  0.11/turn              (no ring)

@: heavily drained
A: beak, talons 3
a: no special abilities


You were on level 3 of the Dungeon.
You were hungry.

You visited 1 branch of the dungeon, and saw 3 of its levels.

You collected 138 gold pieces.

Inventory:

Hand Weapons
 f - a +2 hunting sling of flaming (weapon)
 g - a +0 dagger
Missiles
 d - 35 sling bullets
 j - 31 stones (quivered)
 q - 6 boomerangs of dispersal
Armour
 a - a +0 robe (worn)
 l - a +0 pair of gloves (worn)
 p - a scarf of resistance (worn)
Jewellery
 k - a +2 ring of protection (left hand)
 t - an uncursed amulet of harm
Scrolls
 e - a scroll of enchant weapon
 h - 2 scrolls of remove curse
 i - a scroll of teleportation {unknown}
 o - a scroll of noise {unknown}
 r - a scroll of identify
Potions
 b - 2 potions of curing {unknown}
 m - 2 potions of heal wounds {unknown}
 n - 2 potions of haste {unknown}
 u - 2 potions of brilliance {unknown}
Comestibles
 c - 2 rations


   Skills:
 - Level 2.1(0.9) Dodging
 - Level 2.0(0.7) Stealth
 + Level 3.0(1.6) Spellcasting
 + Level 3.4(2.1) Conjurations
 + Level 5.2(3.8) Air Magic


You had 8 spell levels left.
You knew the following spells:

 Your Spells              Type           Power        Failure   Level  Hunger
a - Shock                 Conj/Air       ##..         6%          1    ##.....

Your spell library contained the following spells:

 Spells                   Type           Power        Failure   Level  Hunger
 Swiftness                Chrm/Air       #.......     16%         2    ###....
 Static Discharge         Conj/Air       ##......     19%         3    ####...
 Airstrike                Air            ##........   41%         4    #####..
 Lightning Bolt           Conj/Air       ##........   87%         5    ######.


Dungeon Overview and Level Annotations

Branches:
Dungeon (3/15)

Altars:


Innate Abilities, Weirdness & Mutations

You have a beak for a mouth.
You have claws for feet.


Message History

You hear some strange, mumbled words.
A magic dart appears from out of thin air!
The magic dart hits you.
Casting: Shock (safe; 6% risk of failure)
Confirm with . or Enter, or press ? or * to list all spells.
You can't see any susceptible monsters within range! (Use Z to cast anyway.) Firing (i - inventory. (/) - cycle)
j - 34 stones (quivered)
Press: ? - help, Shift-Dir - straight line You shoot a stone.
Something hits you but does no damage. Something hits you.
Firing (i - inventory. (/) - cycle)
j - 33 stones (quivered)
Press: ? - help, Shift-Dir - straight line You shoot a stone.
Something hits you.
* * * LOW HITPOINT WARNING * * *
Firing (i - inventory. (/) - cycle)
j - 32 stones (quivered)
Press: ? - help, Shift-Dir - straight line You shoot a stone.
You hear some strange, mumbled words.
A magic dart appears from out of thin air!
The magic dart hits you!
You die...

.#.......<....#.# #.#
†##########.#.#.# #.#
..............#.# #.#
..........#...#.# #.#
..........#...#.# #.#
..........#.#.#.#####.######.
...÷......#.#...#............
..........#.##.##.###.#######
..........#.#...@{.....(()...
..........#.#...#####.####...
'#######+##.#.#.# .... .#
#......#.#.#... #.### .#
#........#.##..# #.# †#
#......#.#.# ..# #.#
.############.# #.# #.#
..............## .. .#
.##########....# ..#


There were no monsters in sight!

Vanquished Creatures
  An orc wizard (D:3)
  An adder (D:3)
  A dart slug (D:2)
  A leopard gecko (D:3)
  3 orcs (D:3)
  2 ball pythons
  3 bats (D:2)
  4 giant cockroaches
  4 goblins
  10 hobgoblins
  6 jackals
  4 kobolds
  A quokka (D:3)
  6 frilled lizards
  2 rats
49 creatures vanquished.

Notes
Turn   | Place    | Note
-------+----------+-------------------------------------------
     0 | D:1      | Elric the Tengu Air Elementalist began the quest for the
                  | Orb.
     0 | D:1      | Reached XP level 1. HP: 10/10 MP: 4/4
   276 | D:1      | Reached XP level 2. HP: 13/15 MP: 4/6
   628 | D:1      | Reached XP level 3. HP: 19/19 MP: 5/7
  2213 | D:3      | Reached XP level 4. HP: 24/24 MP: 7/9
  2271 | D:3      | Reached skill level 5 in Air Magic
  2449 | D:3      | Killed from afar by an orc wizard

Levels and vault maps discovered:
D:1:      dpeg_arrival_connections, layout_rooms
D:2:      layout_basic, minmay_misc_feat_pillars
D:3:      layout_basic, uniq_natasha

Skill      XL: |  1  2  3  4 |
---------------+-------------+-----
Conjurations   | 2 3 |  3.4
Air Magic      | 5 |  5.2
Spellcasting   | 3 |  3.0
Dodging        | |  2.1
Stealth        | |  2.0

Action                   |  1- 3 |  4- 6 || total
-------------------------+-------+-------++-------
Melee: Unarmed           |     4 |       ||     4
       Hunting sling     |       |     2 ||     2
 Fire: Hunting sling     |    20 |    13 ||    33
 Cast: Shock             |    74 |    14 ||    88
  Use: Scroll            |     4 |       ||     4
  Eat: Chunk             |     2 |       ||     2
       Ration            |     1 |       ||     1
Armor: Robe              |     5 |     8 ||    13
Dodge: Dodged            |    19 |    19 ||    38

Table legend:
 A = Non-vault XP
 B = Vault XP
 C = Vault XP percentage of total XP
 D = Non-vault monster count
 E = Vault monster count
 F = Vault count percentage of total count
                 A         B        C        D         E       F
            +---------+---------+-------+---------+---------+-------
      Total |     138 |       0 |   0.0 |      49 |       0 |   0.0
            +---------+---------+-------+---------+---------+-------
        D:1 |      44 |       0 |   0.0 |      24 |       0 |   0.0
        D:2 |      21 |       0 |   0.0 |      12 |       0 |   0.0
        D:3 |      73 |       0 |   0.0 |      13 |       0 |   0.0
            +---------+---------+-------+---------+---------+-------
